 Dungeon Crawl Stone Soup version 0.30-a0-364-gf6b3ef1049 (webtiles) character file.

Game seed: 4834227721588142733

583 bande the Chopper (level 7, -2/66 HPs)
             Began as a Gargoyle Fighter on Nov 15, 2022.
             Slain by Edmund
             ... wielding a +1 flail of draining
              (7 damage)
             ... on level 4 of the Dungeon.
             The game lasted 00:05:15 (4278 turns).

bande the Chopper (Gargoyle Fighter)                Turns: 4278, Time: 00:05:16

Health: -2/66      AC: 23    Str: 19    XL:     7   Next: 37%
Magic:  7/7        EV:  2    Int:  9    God:
Gold:   237        SH:  4    Dex: 11    Spells: 6/6 levels left

rFire   . . .      SeeInvis .    a - +0 war axe
rCold   . . .      Faith    +    c - +0 buckler
rNeg    + . .      Spirit   .    (body armour currently unavailable)
rPois   ∞          Reflect  .    (helmet currently unavailable)
rElec   .          Harm     .    (cloak currently unavailable)
rCorr   .          Rampage  .    (gloves currently unavailable)
Will    .....      NoTele   +    (boots currently unavailable)
Stlth   +.........               l - amulet of faith
HPRegen 0.31/turn                (no ring)
MPRegen 0.10/turn                (no ring)

@: tree-form
A: stationary, stasis, torment immunity, boosted hp, sickness immunity, AC +4,
negative energy resistance 1, (electricity resistance), torment resistance 1,
petrification resistance
a: no special abilities


You were on level 4 of the Dungeon.
You were a tree.
You visited 1 branch of the dungeon, and saw 4 of its levels.

You collected 237 gold pieces.

Inventory:

Hand Weapons
 a - a +0 war axe (weapon)
 j - a +0 flail
 m - a +0 war axe
Missiles
 k - 2 throwing nets (quivered)
Armour
 b - a +0 plate armour (melded)
 c - a +0 buckler (worn)
Jewellery
 l - an amulet of faith (around neck)
Wands
 r - a wand of roots (8)
Scrolls
 e - 3 scrolls of teleportation {unknown}
 f - a scroll of amnesia {unknown}
 g - a scroll of vulnerability {unknown}
 n - a scroll of torment {unknown}
 o - a scroll of enchant armour {unknown}
 q - 3 scrolls of identify {unknown}
Potions
 d - a potion of might
 h - 3 potions of lignification
 i - 2 potions of heal wounds {unknown}
 p - a potion of berserk rage {unknown}
 s - a potion of degeneration {unknown}
 t - a potion of flight {unknown}
 u - a potion of resistance


   Skills:
 + Level 4.8 Fighting
 + Level 5.2 Axes
 + Level 5.0 Armour
 + Level 0.1 Stealth
 + Level 3.9 Shields
 * Level 1.1 Evocations


You had 6 spell levels left.
You didn't know any spells.
Your spell library contained the following spells:

 Spells                   Type           Power      Damage    Failure   Level
 Portal Projectile        Hex/Tloc       0%         N/A       83%         3
 Tukima's Dance           Hex            0%         N/A       83%         3
 Dispel Undead            Necr           0%         3d6       99%         4
 Blade Hands              Tmut           0%         N/A       100%        5
 Death Channel            Necr           0%         N/A       100%        6
 Cigotuvi's Dreadful Rot  Necr/Pois/Air  Unusable   N/A       N/A         2

Dungeon Overview and Level Annotations

Branches:
Dungeon (4/15)
 Temple: D:4-7

Altars:
Dithmenos
Fedhas
Hepliaklqana
Sif Muna
Yredelemnul

Shops:
D:2 *?

Annotations:
D:4 Edmund


Innate Abilities, Weirdness & Mutations

You are a tree.
Your roots penetrate the ground, keeping you stationary.
You cannot be teleported.
You are immune to unholy pain and torment.
Your maximum health is greatly increased.
Your equipment is partially melded.
You are immune to sickness and miasma.
((Your stone body is resilient. (AC +4)))
You are immune to poison.
You resist negative energy. (rN+)
((You are resistant to electric shocks. (rElec)))
You are resistant to unholy torment.
You are immune to petrification.


Message History

You hit Edmund.
Edmund is moderately wounded.
You hit the worm. You closely miss the scorpion. You closely miss the orc.
The scorpion barely misses you. The orc barely misses you.
Edmund hits you with a +1 flail of draining.
Unknown command.
You hit Edmund but do no damage.
Edmund is moderately wounded.
You closely miss the orc. You barely miss the worm. You hit the scorpion.
The scorpion stings you but does no damage.
You block the worm's attack. You block the orc's attack.
Edmund hits you but does no damage. The scorpion stings you.
Unknown command.
You barely miss Edmund.
Edmund is moderately wounded.
You hit the worm but do no damage. You barely miss the scorpion.
You hit the orc. The scorpion stings you.
* * * LOW HITPOINT WARNING * * *
You block the orc's attack. Edmund hits you but does no damage.
The worm bites you but does no damage.
You hit Edmund but do no damage.
Edmund is moderately wounded.
You barely miss the worm. You hit the scorpion but do no damage.
You barely miss the orc. The scorpion barely misses you.
The orc hits you with a +0 mace.
* * * LOW HITPOINT WARNING * * *
Edmund says, "People think my brother is the best.
I think he's crazy."
Edmund hits you with a +1 flail of draining!
* * * LOW HITPOINT WARNING * * *
The scorpion stings you but does no damage.
The worm completely misses you. The orc hits you with a +0 mace.
* * * LOW HITPOINT WARNING * * *
Edmund hits you but does no damage.
It was a potion of lignification.
You turn into a tree.
Your +0 plate armour melds into your body.
Your roots penetrate the ground.
The scorpion stings you but does no damage.
The orc hits you but does no damage.
Edmund hits you with a +1 flail of draining!
You die...

........# ........#
........# ........#
........# ........#
######## ......o@#
#......# ......w♣#
#......#
#####..s######......#
#.......##......#
#...###.........#
#.$.# ###.......#
#...# ##......# #...#
#......# #...#
#......# #...#
#......####


You could see Edmund, a worm, a scorpion and an orc.

Vanquished Creatures
  Grinder (D:3)
  Duvessa (D:4)
  Dowan (D:4)
  A hound (D:4)
  A jelly (D:3)
  Ijyb (D:3)
  Natasha (twice) (D:4)
  4 adders
  3 dart slugs
  An orc (D:3)
  5 ball pythons
  5 endoplasms (D:1)
  3 giant cockroaches
  6 hobgoblins
  3 quokkas
  7 bats
  2 frilled lizards (D:2)
  4 goblins
  7 kobolds
  22 rats
  A spectral orc (D:3)
81 creatures vanquished.

Notes
Turn   | Place    | Note
-------+----------+-------------------------------------------
     0 | D:1      | bande the Gargoyle Fighter began the quest for the Orb.
     0 | D:1      | Reached XP level 1. HP: 14/14 MP: 1/1
    24 | D:1      | Found a faded altar of an unknown god.
   157 | D:1      | Reached XP level 2. HP: 19/19 MP: 2/2
   468 | D:1      | Reached XP level 3. HP: 23/24 MP: 3/3
   996 | D:2      | Found Sischuk's Assorted Antiques.
  1086 | D:2      | Identified the +2 short sword of Drought {protect, Will+
                  | Str+3 Dex-3 Stlth+}
  1195 | D:2      | Found Zobruf's Magic Scroll Shop.
  1518 | D:2      | Reached XP level 4. HP: 29/29 MP: 4/4
  1874 | D:3      | Found a blossoming altar of Fedhas.
  2053 | D:3      | Found a shadowy altar of Dithmenos.
  2059 | D:3      | Found a shimmering blue altar of Sif Muna.
  2389 | D:3      | Noticed Ijyb
  2447 | D:3      | Killed Ijyb
  2605 | D:3      | Found a hazy altar of Hepliaklqana.
  2704 | D:3      | Found a basalt altar of Yredelemnul.
  2940 | D:4      | Noticed Grinder
  3092 | D:3      | Reached XP level 5. HP: 29/33 MP: 5/5
  3220 | D:4      | Noticed Natasha
  3227 | D:4      | Paralysed by Grinder for 2 turns
  3346 | D:3      | Paralysed by Grinder for 3 turns
  3352 | D:3      | Killed Grinder
  3353 | D:3      | Reached XP level 6. HP: 6/39 MP: 6/6
  3689 | D:4      | Killed Natasha
  3742 | D:4      | Noticed Duvessa
  3743 | D:4      | Noticed Dowan
  4104 | D:4      | Killed Duvessa
  4104 | D:4      | Killed Dowan
  4105 | D:4      | Reached skill level 5 in Axes
  4105 | D:4      | Reached skill level 1 in Evocations
  4105 | D:4      | Reached XP level 7. HP: 18/44 MP: 7/7
  4203 | D:4      | Reached skill level 5 in Armour
  4256 | D:4      | Noticed Natasha
  4264 | D:4      | Killed Natasha
  4265 | D:4      | Noticed Edmund
  4278 | D:4      | Slain by Edmund

Illustrated notes

Levels and vault maps discovered:
D:1:      minmay_arrival_plants_in_alcoves, layout_basic,
          hellmonk_ecumenical_altar_blasted
D:2:      layout_basic, serial_shops, nicolae_shop_advertising_works
          [nicolae_subvault_shop_adworks], nicolae_shop_crystal
D:3:      layout_basic, yredelemnul_forgotten_temple_becter,
          mainiacjoe_overflow_small_starburst, old_standard_altar,
          amcnicky_altar_gilded, worldfamousw_hep_ancestral_shrine, uniq_ijyb
D:4:      layout_basic, minmay_rat_hole, uniq_natasha, uniq_edmund,
          uniq_duvessa, uniq_grinder

Skill      XL: |  1  2  3  4  5  6  7 |
---------------+----------------------+-----
Axes           | 2 3 4 5 |  5.2
Armour         | 4 5 |  5.0
Fighting       | 4 |  4.8
Evocations     | 1 |  1.1
Stealth        | |  0.1
Shields        | |  3.9

Action                   |  1- 3 |  4- 6 |  7- 9 || total
-------------------------+-------+-------+-------++-------
Melee: War axe           |    86 |   164 |    18 ||   268
  Use: Potion            |       |     1 |     1 ||     2
Armor: Scale mail        |    30 |       |       ||    30
       Plate armour      |    12 |   188 |    21 ||   221
       Chain mail        |     7 |       |       ||     7
       Skin              |       |       |     2 ||     2
Dodge: Dodged            |    44 |    52 |    11 ||   107
Block: Buckler           |    17 |    48 |     7 ||    72

Table legend: (Time is in decaauts)
 A = Elapsed time spent in this place.
 B = Non-inter-level travel time spent in this place.
 C = Inter-level travel time spent in this place.
 D = Time resting spent in this place.
 E = Time spent auto-exploring this place.
 F = Levels seen in this place.
 G = Mean time per level.
                   A        B        C        D        E       F      G
               +--------+--------+--------+--------+--------+-----+--------+
         Total |   4392 |   4155 |    237 |   1267 |   2150 |   4 | 1098.0 |
       Dungeon |   4392 |   4155 |    237 |   1267 |   2150 |   4 | 1098.0 |
               +--------+--------+--------+--------+--------+-----+--------+

Top non-repeatable levels by time:
     D:3: 2258 daAuts
     D:2: 974 daAuts
     D:1: 943 daAuts
     D:4: 215 daAuts
